 Dungeon Crawl Stone Soup version 0.29-a0-561-ga02bf68b3c (webtiles) character file.

Game seed: 15260053366332479792

785 Nedwor the Ruffian (level 7, 70/70 HPs)
             Began as a Troll Monk on June 11, 2022.
             Quit the game in the Ecumenical Temple.
             The game lasted 00:05:06 (2841 turns).

Nedwor the Ruffian (Troll Monk)                     Turns: 2841, Time: 00:05:07

Health: 70/70      AC:  4    Str: 22    XL:     7   Next: 56%
Magic:  6/6        EV: 11    Int:  6    God:
Gold:   212        SH:  0    Dex: 12    Spells: 6/6 levels left

rFire   . . .      SeeInvis .     - Unarmed
rCold   . . .      Faith    .   (no shield)
rNeg    . . .      Spirit   .   a - +0 robe
rPois   .          Reflect  .   (helmet restricted)
rElec   .          Harm     .   (no cloak)
rCorr   .          Rampage  .   (gloves unavailable)
Will    .....                   (boots unavailable)
Stlth   ++........              (no amulet)
HPRegen 1.01/turn               m - +1 ring of slaying
MPRegen 0.10/turn               (no ring)

@: no status effects
A: large, unfitting armour, claws 3, regeneration 1, shaggy fur 1, tough skin 1
a: no special abilities


You were in the Ecumenical Temple.
You visited 2 branches of the dungeon, and saw 6 of its levels.

You collected 290 gold pieces.
You spent 78 gold pieces at shops.

Inventory:

Armour
 a - a +0 robe (worn)
Jewellery
 f - an amulet of magic regeneration
 m - a +1 ring of slaying (left claw)
Scrolls
 b - a scroll of torment {unknown}
 c - 3 scrolls of vulnerability {unknown}
 g - 6 scrolls of teleportation {unknown}
 h - a scroll of blinking {unknown}
 i - 2 scrolls of identify {unknown}
 j - 2 scrolls of enchant armour {unknown}
 k - 2 scrolls of fear {unknown}
 l - 2 scrolls of poison {unknown}
 p - a scroll of noise {unknown}
Potions
 d - a potion of flight {unknown}
 e - 2 potions of brilliance {unknown}
 n - a potion of attraction {unknown}
 o - a potion of lignification {unknown}


   Skills:
 + Level 4.2 Fighting
 + Level 4.2 Dodging
 - Level 1.0 Stealth
 * Level 6.7 Unarmed Combat


You had 6 spell levels left.
You didn't know any spells.
Your spell library contained the following spells:

 Spells                   Type           Power      Damage    Failure   Level
 Foxfire                  Conj/Fire      0%         2x1d4     45%         1
 Sublimation of Blood     Necr           0%         N/A       58%         2
 Wereblood                Tmut           0%         N/A       58%         2
 Confusing Touch          Hex            0%         N/A       83%         3
 Conjure Flame            Conj/Fire      0%         6-21      83%         3
 Inner Flame              Hex/Fire       0%         N/A       83%         3
 Ozocubu's Armour         Ice            0%         N/A       83%         3
 Flame Wave               Conj/Fire      0%         2d4       99%         4
 Metabolic Englaciation   Hex/Ice        0%         N/A       100%        5
 Yara's Violent Unravell  Hex/Tmut       0%         3d3       100%        5
 Simulacrum               Ice/Necr       0%         N/A       100%        6
 Enfeeble                 Hex            0%         N/A       100%        7
 Summon Hydra             Summ           0%         N/A       100%        7


Dungeon Overview and Level Annotations

Branches:
Dungeon (5/15)             Temple (1/1) D:5

Altars:
Ashenzari
Cheibriados
Dithmenos
Fedhas
Gozag
Hepliaklqana
Kikubaaqudgha
Nemelex Xobeh
Okawaru
Qazlal
Ru
Xom
Yredelemnul
Zin

Shops:
D:1 !   D:2 =   D:3 *

Annotations:
D:5 1 transporter


Innate Abilities, Weirdness & Mutations

You are too large for most types of armour.
You have claws for hands.
Your natural rate of healing is unusually fast.
You are covered in fur. (AC +1)
You have tough skin. (AC +1)


Message History

You climb downwards.
Welcome to the Ecumenical Temple!
There is a staircase back to the Dungeon here.
You open the door.
There is an open door here.
As you open the door, it creaks loudly!
Found a hazy altar of Hepliaklqana.
There is an open door here.
There is an open door here.
You open the door.
Found a snail-covered altar of Cheibriados.
There is an open door here.
There is an open door here.
You open the door.
Found a basalt altar of Yredelemnul.
There is an open door here.
There is an open door here.
You open the door.
Found a shadowy altar of Dithmenos and a glowing silver altar of Zin.
There is an open door here.
There is an open door here.
You open the door.
Found a sparkling altar of Nemelex Xobeh.
There is an open door here.
There is an open door here.
You open the door.
Found a broken altar of Ashenzari.
There is an open door here.
There is an open door here.
You open the door.
Found an iron altar of Okawaru.
There is an open door here.
There is an open door here.
You open the door.
Found an opulent altar of Gozag.
There is an open door here.
Done exploring.
Done exploring.
Done exploring.
Done exploring.
Are you sure you want to abandon this character and quit the game? (Confirm with "yes".)

#.._..'...##..<..##...'.
#.....#...##.....##...#.
##...##....#'...+#....##
#######....#####....###
#.....###.....#
#####...........####
##...'#.........#'...
#.....###.....###....
#.._@.# ###'### #.._.
#.....# ##...## #....
##...## #.....# ##...
##### #.._..# ####
#.....# ##...## #####


There were no monsters in sight!

Vanquished Creatures
  A water moccasin (D:4)
  An ogre (D:5)
  A phantom (D:5)
  A scorpion (D:4)
  4 crimson imps (D:4)
  2 jellies
  2 hounds (D:4)
  2 orc priests (D:4)
  3 gnolls
  5 adders
  4 dart slugs
  4 orcs
  5 endoplasms
  5 giant cockroaches
  6 goblins
  6 hobgoblins
  9 kobolds
  3 quokkas
  9 ball pythons
  6 bats
  2 frilled lizards (D:2)
  8 rats
89 creatures vanquished.

Notes
Turn   | Place    | Note
-------+----------+-------------------------------------------
     0 | D:1      | Nedwor the Troll Monk began the quest for the Orb.
     0 | D:1      | Reached XP level 1. HP: 22/22 MP: 0/0
    55 | D:1      | Reached XP level 2. HP: 19/29 MP: 1/1
    75 | D:1      | Found Kacsasta's Distillery.
   584 | D:1      | Found a faded altar of an unknown god.
   617 | D:2      | Found Xeilumn's One-of-a-Kind Rings.
   658 | D:2      | Reached XP level 3. HP: 36/36 MP: 2/2
   752 | D:2      | Found a snail-covered altar of Cheibriados.
  1007 | D:2      | Reached skill level 4 in Unarmed Combat
  1038 | D:2      | Reached XP level 4. HP: 44/44 MP: 3/3
  1538 | D:3      | Found Xetia's Assorted Antiques.
  1626 | D:2      | Bought a +1 ring of slaying for 78 gold pieces
  1787 | D:3      | Noticed a water elemental
  1789 | D:3      | Found a stormy altar of Qazlal.
  1791 | D:3      | Noticed an earth elemental
  1791 | D:3      | Noticed a fire elemental
  1791 | D:3      | Noticed an air elemental
  1883 | D:3      | Found a blossoming altar of Fedhas.
  2013 | D:4      | Reached XP level 5. HP: 49/53 MP: 4/4
  2097 | D:4      | Reached skill level 5 in Unarmed Combat
  2226 | D:4      | Found an ancient bone altar of Kikubaaqudgha.
  2231 | D:4      | Reached XP level 6. HP: 49/61 MP: 5/5
  2283 | D:4      | Found a shimmering altar of Xom.
  2415 | D:4      | Noticed a water moccasin
  2443 | D:4      | Killed a water moccasin
  2444 | D:4      | Reached skill level 6 in Unarmed Combat
  2444 | D:4      | Reached XP level 7. HP: 10/70 MP: 6/6
  2604 | D:5      | Entered Level 5 of the Dungeon
  2642 | D:5      | Found a transporter.
  2687 | D:5      | Found a staircase to the Ecumenical Temple.
  2711 | D:5      | Found a sacrificial altar of Ru.
  2724 | Temple   | Entered the Ecumenical Temple
  2841 | Temple   | Quit the game

Illustrated notes

Levels and vault maps discovered:
D:1:      nicolae_arrival_memento_mori, layout_loops_cross, serial_shops,
          nicolae_shop_waterfront, shapermc_ecumenical_altar_notcrosses,
          minmay_misc_feat_enclosed
D:2:      kb_forest_paths, layout_basic, basic_altar, nicolae_shop_unique_rings,
          wad_woods_river_04, minmay_fractal_squares_5
D:3:      layout_rooms, nicolae_qazlal_style_of_elements,
          mainiacjoe_overflow_brackets, serial_shops, shop
D:4:      minmay_chambers_of_fours, layout_rooms, mainiacjoe_overflow_paths,
          led_xom_imps
D:5:      layout_rooms, eat_drink_and_be_merry_uskayaw,
          nicolae_ru_great_annihilating_truth, minmay_temple_entry_butterflies,
          gammafunk_ghost_gnarly_gnolls
Temple:   nicolae_temple_figure_zero

Skill      XL: |  1  2  3  4  5  6 |
---------------+-------------------+-----
Unarmed Combat | 4 5 6 |  6.7
Dodging        | 3 4 |  4.2
Fighting       | 3 4 |  4.2
Stealth        | |  1.0

Action                   |  1- 3 |  4- 6 |  7- 9 || total
-------------------------+-------+-------+-------++-------
Melee: Unarmed           |    87 |   119 |    14 ||   220
       Punch             |     1 |     4 |       ||     5
  Use: Potion            |       |       |     1 ||     1
 Stab: Sleeping          |     2 |     2 |     1 ||     5
Armor: Robe              |    28 |    27 |     1 ||    56
Dodge: Dodged            |    44 |    51 |     4 ||    99

Table legend: (Time is in decaauts)
 A = Elapsed time spent in this place.
 B = Non-inter-level travel time spent in this place.
 C = Inter-level travel time spent in this place.
 D = Time resting spent in this place.
 E = Time spent auto-exploring this place.
 F = Levels seen in this place.
 G = Mean time per level.
                   A        B        C        D        E       F      G
               +--------+--------+--------+--------+--------+-----+--------+
         Total |   2831 |   2593 |    238 |     30 |   1917 |   6 |  471.8 |
       Dungeon |   2714 |   2476 |    238 |     30 |   1809 |   5 |  542.8 |
        Temple |    116 |    116 |      0 |      0 |    108 |   1 |  116.0 |
               +--------+--------+--------+--------+--------+-----+--------+

Top non-repeatable levels by time:
     D:2: 946 daAuts
     D:1: 615 daAuts
     D:4: 600 daAuts
     D:3: 435 daAuts
     D:5: 118 daAuts
  Temple: 116 daAuts
